 Dungeon Crawl Stone Soup version 0.21.1-1-g345015fe64 (webtiles) character file.

172 Oravi the Cutter (level 5, -3/35 HPs)
             Began as a Halfling Fighter on Mar 29, 2018.
             Slain by a gnoll
             ... wielding a cursed -1 halberd
              (7 damage)
             ... on level 3 of the Dungeon.
             The game lasted 00:06:21 (1982 turns).

Oravi the Cutter (Halfling Fighter)                 Turns: 1982, Time: 00:06:21

Health: -3/35      AC:  6    Str: 18    XL:     5   Next: 82%
Magic:  5/5        EV:  9    Int:  6    God:
Gold:   120        SH: 11    Dex: 14    Spells: 4/4 levels left

rFire    . . .     SeeInvis .   p - +2 short sword (venom)
rCold    . . .     Gourm    .   h - +2 shield
rNeg     . . .     Faith    .   b - +0 scale mail
rPois    .         Spirit   .   (no helmet)
rElec    .         Reflect  .   (no cloak)
rCorr    .         Harm     .   (no gloves)
MR       .....                  (no boots)
Stlth    ..........             (no amulet)
HPRegen  0.11/turn              (no ring)
MPRegen  0.09/turn              (no ring)

@: no status effects
A: small, mutation resistance 1
a: no special abilities


You were on level 3 of the Dungeon.
You were not hungry.

You visited 1 branch of the dungeon, and saw 3 of its levels.

You collected 120 gold pieces.

Inventory:

Hand Weapons
 a - a +0 rapier
 p - a +2 short sword of venom (weapon)
Missiles
 g - 41 stones (quivered)
 m - 44 sling bullets
Armour
 b - a +0 scale mail (worn)
 c - a +1 shield
 h - a +2 shield (worn)
Wands
 l - a wand of polymorph (13)
Scrolls
 j - a scroll of remove curse
 k - 2 scrolls of fog
 n - 3 scrolls of identify
 o - 3 scrolls of teleportation {unknown}
Potions
 d - a potion of might
 e - a potion of curing {unknown}
 i - a potion of ambrosia {unknown}
Comestibles
 f - 6 rations
 q - a chunk of flesh


   Skills:
 - Level 2.6 Fighting
 + Level 6.7 Short Blades
 - Level 3.2 Armour
 - Level 3.2 Shields


You had 4 spell levels left.
You didn't know any spells.

Dungeon Overview and Level Annotations

Branches:
Dungeon (3/15)

Altars:
Cheibriados

Annotations:
D:2 1 runed door


Innate Abilities, Weirdness & Mutations

You are small and have problems with some larger weapons.
You are somewhat resistant to further mutation.


Message History

You see here an adder corpse.
You butcher the adder corpse.
q - a chunk of flesh Partly explored, unopened runed door.
(D) Dungeon
Where to? (Enter - D:2 @ (x,y), ? - help)
There is a stone staircase leading down here.
You climb downwards.
An adder and 3 gnolls come into view.
The adder hisses angrily.
The gnoll shouts! x3; You hear a shout! x4
Found 6 gold pieces.
There is a stone staircase leading up here.
The gnoll hits you from afar with a halberd!
The gnoll hits you from afar with a halberd!
* * * LOW HITPOINT WARNING * * *
The gnoll hits you with a spear.
* * * LOW HITPOINT WARNING * * *
There is a stone staircase leading up, spattered with blood here.
The gnoll hits you from afar with a halberd!
You die...

# ... #####..#
#@.....#
..$.g.g####.##
.....g.
.......
.......
.......
.......
#+#####


You could see 3 gnolls.

Vanquished Creatures
  Jessica (D:2)
  Natasha (thrice) (D:2)
  3 adders (D:2)
  2 worms (D:2)
  2 dart slugs
  A leopard gecko (D:1)
  A ball python (D:1)
  3 giant cockroaches
  2 goblins (D:1)
  4 hobgoblins (D:1)
  2 jackals (D:1)
  5 kobolds
  A quokka (D:2)
  3 bats (D:1)
  A frilled lizard (D:1)
  4 rats
38 creatures vanquished.

Notes
Turn   | Place    | Note
-------+----------+-------------------------------------------
     0 | D:1      | Oravi the Halfling Fighter began the quest for the Orb.
     0 | D:1      | Reached XP level 1. HP: 15/15 MP: 1/1
   167 | D:1      | Reached skill level 3 in Short Blades
   189 | D:1      | Reached XP level 2. HP: 20/20 MP: 2/2
   458 | D:1      | Reached skill level 4 in Short Blades
   458 | D:1      | Reached XP level 3. HP: 25/25 MP: 3/3
   883 | D:2      | Noticed Jessica
   887 | D:2      | Killed Jessica
   887 | D:2      | Reached skill level 5 in Short Blades
   887 | D:2      | Reached XP level 4. HP: 9/30 MP: 4/4
   898 | D:2      | Noticed Natasha
   916 | D:2      | Killed Natasha
  1216 | D:2      | Found a snail-covered altar of Cheibriados.
  1272 | D:2      | Reached XP level 5. HP: 31/35 MP: 5/5
  1307 | D:2      | Found a runed door.
  1552 | D:2      | Reached skill level 6 in Short Blades
  1634 | D:2      | Noticed Natasha
  1652 | D:2      | Killed Natasha
  1854 | D:2      | Noticed Natasha
  1860 | D:2      | Killed Natasha
  1982 | D:3      | Slain by a gnoll

Skill      XL: |  1  2  3  4  5 |
---------------+----------------+-----
Short Blades   | 3 4 5 6 |  6.7
Fighting       | |  2.6
Armour         | |  3.2
Shields        | |  3.2

Action                   |  1- 3 |  4- 6 || total
-------------------------+-------+-------++-------
Melee: Rapier            |    73 |    24 ||    97
       Unarmed           |       |     4 ||     4
       Short sword       |       |    27 ||    27
  Use: Scroll            |     4 |     1 ||     5
       Potion            |     1 |       ||     1
  Eat: Chunk             |       |     3 ||     3
Armor: Scale mail        |    16 |     9 ||    25
Dodge: Dodged            |    16 |    19 ||    35
Block: Shield            |    42 |    23 ||    65
